 Dungeon Crawl Stone Soup version 0.19.1-1-g22dce08 (webtiles) character file.

12406 esteth the Grappler (level 11, -8/105 HPs)
             Began as a Troll Monk on Jan 4, 2017.
             Mangled by a basilisk (10 damage)
             ... on level 3 of the Lair of Beasts.
             The game lasted 00:34:37 (10517 turns).

esteth the Grappler (Troll Monk)                   Turns: 10517, Time: 00:34:38

Health: -8/105     AC:  8    Str: 24    XL:     11   Next: 62%
Magic:  14/14      EV:  1    Int: 13    God:
Gold:   758        SH:  0    Dex: 12    Spells: 1 memorised, 5 levels left

rFire  . . .     SeeInvis .       - Unarmed
rCold  . . .     Gourm    +     B - +1 robe "Omnief" {Int+7}
rNeg   + + +     Faith    .     C - +1 large shield
rPois  ∞         Spirit   .     (helmet restricted)
rElec  .         Reflect  .     (no cloak)
rCorr  .         Harm     .     (gloves unavailable)
MR     .....                    (boots unavailable)
Stlth  +++.......               x - amulet of rage
                                w - +2 ring of protection
                                q - ring of stealth

@: petrified
A: unfitting armour, claws 3, fast metabolism 3, gourmand, regeneration 1,
shaggy fur 1, tough skin 2
a: Evoke Berserk Rage


You were on level 3 of the Lair of Beasts.
You were very full.

You visited 3 branches of the dungeon, and saw 13 of its levels.
You also visited: Sewer.

You collected 758 gold pieces.

Inventory:

Armour
 a - a +0 robe
 B - the +1 robe "Omnief" (worn) {Int+7}
   (You found it on level 7 of the Dungeon)

   It affects your intelligence (+7).
 C - a +1 large shield (worn)
Rods
 I - a +3 lightning rod (10/10)
   (You found it on level 7 of the Dungeon)
Jewellery
 q - a ring of stealth (left claw)
 w - a +2 ring of protection (right claw)
 x - an amulet of rage (around neck)
Wands
 e - a wand of iceblast (14/15)
 i - a wand of digging (5/24)
 s - a wand of lightning (0/15)
 u - a wand of random effects (35/48)
 J - a wand of random effects (10/48)
 Q - a wand of flame (30/48)
 T - a wand of random effects (36/48)
Scrolls
 c - 6 scrolls of remove curse
 g - 2 scrolls of amnesia
 h - a scroll of fog
 m - 3 scrolls of teleportation
 p - 3 scrolls of recharging
 y - 5 scrolls of identify
 G - a scroll of fear
 H - a scroll of summoning {unknown}
 P - a scroll of vulnerability {unknown}
 R - a scroll of enchant weapon
Potions
 j - a potion of ambrosia {unknown}
 l - 2 potions of lignification {unknown}
 n - a potion of haste {unknown}
 o - a potion of beneficial mutation {unknown}
 v - a potion of degeneration {unknown}
 z - a potion of might
 A - 2 potions of brilliance {unknown}
 D - 2 potions of flight {unknown}
 E - a potion of magic {unknown}
 F - a potion of mutation {unknown}
 L - 2 potions of resistance {unknown}
 N - a potion of agility {unknown}
Books
 d - a book of Battle

   Spells                             Type                      Level
   a - Infusion                       Charms                       1
   b - Shroud of Golubria             Charms/Translocation         2
   c - Song of Slaying                Charms                       2
   d - Spectral Weapon                Hexes/Charms                 3
   e - Regeneration                   Charms/Necromancy            3
 k - a book of Changes

   Spells                             Type                      Level
   a - Beastly Appendage              Transmutation                1
   b - Sticks to Snakes               Transmutation                2
   c - Spider Form                    Transmutation/Poison         3
   d - Ice Form                       Ice/Transmutation            4
   e - Blade Hands                    Transmutation                5
 M - a book of Power

   Spells                             Type                      Level
   a - Fulminant Prism                Conjuration/Hexes            4
   b - Iskenderun's Mystic Blast      Conjuration                  4
   c - Venom Bolt                     Conjuration/Poison           5
   d - Bolt of Magma                  Conjuration/Fire/Earth       5
   e - Iron Shot                      Conjuration/Earth            6
   f - Orb of Destruction             Conjuration                  7
   g - Spellforged Servitor           Conjuration/Summoning        7
 S - a book of Dreams

   Spells                             Type                      Level
   a - Ensorcelled Hibernation        Hexes/Ice                    2
   b - Silence                        Hexes/Air                    5
   c - Darkness                       Hexes                        6
   d - Shadow Creatures               Summoning                    6
Comestibles
 b - 5 bread rations
 f - 2 beef jerkies
 r - 4 meat rations
 K - a royal jelly
 O - a slice of pizza


   Skills:
 - Level 5.7 Fighting
 - Level 4.9 Dodging
 - Level 1.0 Stealth
 + Level 7.0 Shields
 * Level 12.4 Unarmed Combat
 - Level 6.0 Evocations


You had 5 spell levels left.
You knew the following spells:

 Your Spells              Type           Power        Failure   Level  Hunger
a - Blade Hands           Tmut           #.........   100%        5    ######.


Dungeon Overview and Level Annotations

Branches:
Dungeon (8/15)             Temple (1/1) D:5            Lair (4/6) D:8
  Swamp (0/4) Lair:3
  Snake: Lair:2-4    Spider: Lair:2-4

Altars:
Ashenzari
Cheibriados
Dithmenos
Elyvilon
Fedhas
Gozag
Hepliaklqana
Kikubaaqudgha
Makhleb
Nemelex Xobeh
Okawaru
Qazlal
Ru
Sif Muna
Trog
Uskayaw
Vehumet
Xom
Yredelemnul
Zin
The Shining One


Innate Abilities, Weirdness & Mutations

You are too large for most types of armour.
You have claws for hands.
Your metabolism is lightning-fast.
You like to eat raw meat.
Your natural rate of healing is unusually fast.
You are covered in fur. (AC +1)
You have very tough skin. (AC +2)


Message History

* * * LOW HITPOINT WARNING * * *
The yak gores you.
* * * LOW HITPOINT WARNING * * *
The yak gores you!
* * * LOW HITPOINT WARNING * * *
The yak gores you. The basilisk bites you!
* * * LOW HITPOINT WARNING * * *
The yak gores you!
* * * LOW HITPOINT WARNING * * *
The yak gores you but does no damage. The basilisk bites you.
* * * LOW HITPOINT WARNING * * *
The yak gores you but does no damage. The yak gores you but does no damage.
The basilisk gazes at you. You resist with some effort.
The yak gores you but does no damage. The yak gores you.
The basilisk bites you.
* * * LOW HITPOINT WARNING * * *
The yak barely misses you. The yak gores you but does no damage.
The basilisk bites you!!
You die...

##.............#>....###...
#P..#.≈≈.#..........####...
##.#≈≈≈≈≈≈..........###....
#...≈≈≈≈≈≈≈................
##..≈≈≈≈≈≈≈................
##.#≈≈≈≈≈≈≈................
#..P≈≈≈≈≈≈≈...##...#.P##.#.
#..#≈≈≈≈≈≈Yl..P#####.######
#..#≈##≈##@Y..## ### #
##............P#
#.#####...P.### ### #######


You could see 2 yaks and a basilisk.

Vanquished Creatures
  The ghost of Exporg the Basher, a journeyman MiBe of Trog (Lair:3)
  The ghost of Quirk the Cutter, a novice DsFi (D:8)
  Pikel (D:7)
  The ghost of Zargon the Poker, a novice MfSu (D:6)
  2 black mambas
  6 spiny frogs
  A tyrant leech (Lair:3)
  The ghost of Quirk the Chopper, an amateur DsFi (D:4)
  Prince Ribbit (D:6)
  4 hippogriffs
  2 basilisks
  12 yaks
  A steam dragon (Lair:2)
  A swamp worm (Lair:3)
  12 water moccasins
  4 porcupines
  A sky beast (D:4)
  A slave (D:7)
  2 phantoms
  An ice beast (D:7)
  3 ogres
  8 crocodiles
  2 bullfrogs (Lair:3)
  3 big kobolds
  A scorpion (D:8)
  2 electric eels (Lair:3)
  2 crimson imps
  A centaur zombie (D:8)
  3 hounds
  3 jellies
  5 orc wizards
  Crazy Yiuf (D:5)
  An iguana (D:8)
  An orc priest (D:7)
  3 bullfrog skeletons
  A centaur skeleton (D:7)
  7 worker ants
  Ijyb (D:3)
  A howler monkey zombie (D:8)
  A gnoll (D:1)
  15 adders
  2 river rats
  A shadow imp (D:7)
  4 oozes
  An adder skeleton (D:4)
  A worm (D:3)
  2 dart slugs
  9 leopard geckos
  13 orcs
  10 giant cockroaches
  14 goblins
  5 hobgoblins
  10 jackals
  3 quokkas
  A ball python (D:6)
  7 bats
  9 frilled lizards
  23 kobolds
  15 rats
  2 plants (Lair:3)
253 creatures vanquished.

Notes
Turn   | Place    | Note
-------+----------+-------------------------------------------
     0 | D:1      | esteth the Troll Monk began the quest for the Orb.
     0 | D:1      | Reached XP level 1. HP: 22/22 MP: 0/0
   294 | D:1      | Reached XP level 2. HP: 29/29 MP: 1/1
   700 | D:1      | Reached XP level 3. HP: 30/36 MP: 2/2
   913 | D:2      | Reached skill level 4 in Unarmed Combat
  1263 | D:2      | Reached XP level 4. HP: 40/44 MP: 3/3
  1556 | D:3      | Noticed a sky beast
  1607 | D:4      | Killed a sky beast
  1607 | D:4      | Reached XP level 5. HP: 27/53 MP: 4/4
  1726 | D:3      | Reached skill level 5 in Unarmed Combat
  2096 | D:3      | Noticed Ijyb
  2106 | D:3      | Killed Ijyb
  2106 | D:3      | Reached XP level 6. HP: 61/61 MP: 5/5
  2301 | D:3      | Learned a level 5 spell: Blade Hands
  2618 | D:4      | Noticed Quirk's ghost (amateur DsFi)
  2697 | D:4      | Killed Quirk's ghost
  2697 | D:4      | Reached skill level 6 in Unarmed Combat
  2697 | D:4      | Reached XP level 7. HP: 52/68 MP: 6/6
  3179 | D:5      | Entered Level 5 of the Dungeon
  3179 | D:5      | Found a staircase to the Ecumenical Temple.
  3189 | Temple   | Entered the Ecumenical Temple
  3423 | D:5      | Found a glowing golden altar of the Shining One.
  3526 | D:5      | Reached skill level 7 in Unarmed Combat
  3574 | D:5      | Found a runed door.
  3623 | D:5      | Found a glowing golden altar of the Shining One.
  3824 | D:5      | Noticed Crazy Yiuf
  3832 | D:5      | Killed Crazy Yiuf
  4099 | D:6      | Reached XP level 8. HP: 79/79 MP: 7/7
  4109 | D:6      | Noticed Zargon's ghost (novice MfSu)
  4109 | D:6      | Noticed Prince Ribbit
  4145 | D:6      | Killed Zargon's ghost
  4145 | D:6      | Reached skill level 5 in Fighting
  4535 | D:6      | Found a glowing drain.
  4542 | Sewer    | Entered a sewer
  4758 | Sewer    | Reached skill level 1 in Shields
  4865 | D:6      | Killed Prince Ribbit
  4865 | D:6      | Reached skill level 8 in Unarmed Combat
  5274 | D:7      | Got a shadowed robe
  5285 | D:7      | Identified the +1 robe "Omnief" {Int+7} (You found it on level 7 of the Dungeon)
  5312 | D:7      | Reached XP level 9. HP: 89/89 MP: 8/8
  5370 | D:7      | Noticed Pikel
  5394 | D:7      | Killed Pikel
  5394 | D:7      | Reached skill level 9 in Unarmed Combat
  5636 | D:7      | You fall through a shaft!
  5636 | D:8      | Found a staircase to the Lair.
  6054 | D:8      | Reached skill level 5 in Shields
  6071 | D:8      | Reached skill level 10 in Unarmed Combat
  6342 | D:8      | Noticed Quirk's ghost (novice DsFi)
  6412 | D:8      | Killed Quirk's ghost
  6412 | D:8      | Reached XP level 10. HP: 35/98 MP: 9/9
  7027 | Lair:1   | Entered Level 1 of the Lair of Beasts
  7037 | Lair:1   | Found a labyrinth entrance.
  7350 | Lair:1   | Reached skill level 11 in Unarmed Combat
  7423 | Lair:1   | Reached skill level 1 in Evocations
  7572 | Lair:1   | Noticed a black mamba
  7588 | Lair:1   | Killed a black mamba
  7705 | Lair:1   | Noticed a spiny frog
  7714 | Lair:1   | Killed a spiny frog
  7966 | Lair:2   | Noticed a spiny frog
  7975 | Lair:2   | Killed a spiny frog
  8216 | Lair:2   | Reached XP level 11. HP: 102/105 MP: 12/12
  8634 | Lair:3   | Noticed Exporg's ghost (journeyman MiBe)
  9005 | Lair:3   | Killed Exporg's ghost
  9035 | Lair:3   | Reached skill level 5 in Evocations
  9075 | Lair:3   | Found a staircase to the Swamp.
  9086 | Lair:3   | Reached skill level 12 in Unarmed Combat
  9287 | Lair:3   | HP: 3/105 [tyrant leech (29)]
  9345 | Lair:2   | Noticed a seven-headed hydra
 10513 | Lair:3   | HP: 3/105 [yak (3)]
 10516 | Lair:3   | HP: 1/105 [basilisk (2)]
 10517 | Lair:3   | Mangled by a basilisk

Skill      XL: |  1  2  3  4  5  6  7  8  9 10 11 |
---------------+----------------------------------+-----
Unarmed Combat | 4 5 6 7 8 10 11 12 | 12.4
Fighting       | 3 4 5 |  5.7
Dodging        | 3 4 |  4.9
Shields        | 2 5 6 7 |  7.0
Evocations     | 3 6 |  6.0
Stealth        | |  1.0

Action                   |  1- 3 |  4- 6 |  7- 9 | 10-12 || total
-------------------------+-------+-------+-------+-------++-------
Melee: Unarmed           |   100 |   123 |   386 |   367 ||   976
       Punch             |       |     4 |     3 |       ||     7
Evoke: Wand              |       |       |       |     8 ||     8
  Use: Scroll            |       |     6 |    12 |       ||    18
       Potion            |       |     3 |     3 |    10 ||    16
 Stab: Sleeping          |     2 |     4 |     6 |     2 ||    14
       Distracted        |       |     1 |       |       ||     1
  Eat: Chunk             |    17 |    13 |    35 |    28 ||    93
       Bread ration      |       |       |       |     2 ||     2
Armor: Robe              |    28 |    55 |    92 |    50 ||   225
Dodge: Dodged            |    55 |    57 |   121 |    72 ||   305
Block: Large shield      |       |       |   124 |   223 ||   347
